 Dungeon Crawl Stone Soup version 0.27-a0-279-gdfb9265905 (webtiles) character file.

Game seed: 5589111163457586186

1890 puppykicker the Ruffian (level 9, -2/84 HPs)
             Began as an Ogre Transmuter on Feb 7, 2021.
             Was an Initiate of Cheibriados.
             Slain by an ogre
             ... wielding a +0 giant spiked club
              (24 damage)
             ... on level 6 of the Dungeon.
             The game lasted 00:23:20 (8016 turns).

puppykicker the Ruffian (Ogre Transmuter)           Turns: 8016, Time: 00:23:20

Health: -2/84      AC:  2    Str: 19    XL:     9   Next: 15%
Magic:  11/15      EV: 21    Int: 16    God:    Cheibriados [......]
Gold:   183        SH:  0    Dex: 15    Spells: 5/16 levels left

rFire    . . .     SeeInvis .     - Unarmed
rCold    . . .     Faith    .   (shield currently unavailable)
rNeg     . . .     Spirit   .   (armour currently unavailable)
rPois    x         Reflect  .   (helmet currently unavailable)
rElec    .         Harm     .   (cloak currently unavailable)
rCorr    .         Rampage  .   (gloves unavailable)
Will     .....                  (boots unavailable)
Stlth    +.........             (no amulet)
HPRegen  0.24/turn              W - ring of wizardry {Wiz+}
MPRegen  0.14/turn              (no ring)

@: spider-form, very slow
A: tiny, unfitting armour
a: End Transformation, Renounce Religion, Bend Time


You were on level 6 of the Dungeon.
You worshipped Cheibriados.
Cheibriados was noncommittal.
You were a venomous arachnid creature.
You visited 2 branches of the dungeon, and saw 7 of its levels.

You collected 333 gold pieces.
You spent 150 gold pieces at shops.

Inventory:

Hand Weapons
 a - the +4 great mace of Fedhas's Delight {spect, rC+ Int+4}
   (You took it off an ogre on level 5 of the Dungeon)

   When it strikes, its spirit leaps out and fights alongside the wielder.
   It affects your intelligence (+4).
   It protects you from cold.
 b - a +3 vampiric whip (melded)
Missiles
 k - 26 poisoned darts (quivered)
Armour
 e - a +1 robe (melded)
Jewellery
 W - a ring of wizardry (left front leg) {Wiz+}
Wands
 i - a wand of paralysis (6)
Scrolls
 c - a scroll of magic mapping {unknown}
 d - a scroll of vulnerability {unknown}
 h - a scroll of fog {unknown}
 j - 2 scrolls of remove curse
 m - a scroll of amnesia
 o - a scroll of enchant armour
 t - 3 scrolls of teleportation
 u - a scroll of silence
 x - 2 scrolls of fear {unknown}
 y - a scroll of noise {unknown}
 B - a scroll of blinking {!r}
Potions
 f - 3 potions of flight
 l - 3 potions of might
 n - 3 potions of brilliance
 p - 5 potions of curing
 q - 3 potions of heal wounds
 r - 3 potions of attraction {!q}
 v - a potion of invisibility {unknown}
 w - 2 potions of lignification {unknown}
 z - a potion of cancellation {unknown}


   Skills:
 - Level 4.0 Fighting
 + Level 0.8 Throwing
 + Level 2.3 Armour
 + Level 3.3 Dodging
 * Level 7.4 Unarmed Combat
 + Level 4.4 Spellcasting
 + Level 5.1 Transmutations
 - Level 2.0 Poison Magic


You had 5 spell levels left.
You knew the following spells:

 Your Spells              Type           Power        Failure   Level
a - Beastly Appendage     Tmut           40%          3%          1
c - Spider Form           Tmut/Pois      7%           11%         3
w - Wereblood             Tmut           20%          4%          2
x - Blade Hands           Tmut           10%          36%         5

Your spell library contained the following spells:

 Spells                   Type           Power        Failure   Level
 Ignite Poison            Fire/Tmut/Pois 11%          16%         3
 Sublimation of Blood     Necr           1%           21%         2
 Ice Form                 Ice/Tmut       11%          38%         4
 Petrify                  Tmut/Erth      11%          38%         4
 Alistair's Intoxication  Tmut/Pois      10%          54%         5
 Irradiate                Conj/Tmut      5%           65%         5
 Animate Armour           Summ/Erth      6%           67%         4
 Eringya's Noxious Bog    Tmut/Pois      7%           96%         6
 Statue Form              Tmut/Erth      7%           99%         6
 Shatter                  Erth           1%           100%        9


Dungeon Overview and Level Annotations

Branches:
Dungeon (6/15)             Temple (1/1) D:6

Altars:
Ashenzari
Cheibriados
Dithmenos
Elyvilon
Fedhas
Gozag
Hepliaklqana
Kikubaaqudgha
Makhleb
Qazlal
Trog
Vehumet
Wu Jian
Xom
Yredelemnul
The Shining One
Lugonu

Shops:
D:4 *


Innate Abilities, Weirdness & Mutations

You are too large for most types of armour.
((You have tough skin. (AC +1)))


Message History

The sky beast shocks you.
* * * LOW HITPOINT WARNING * * *
The sky beast barely misses you. The ogre misses you.
You take 8 damage, and have 29/84 hp.
You hit the sky beast but do no damage. The sky beast barely misses you.
The ogre hits you with a +0 giant spiked club!
* * * LOW HITPOINT WARNING * * *
You take 9 damage, and have 20/84 hp.
The sky beast barely misses you. The sky beast closely misses you.
Your primal bloodlust has ended.
The sky beast completely misses you.
There is an open door here.
The ogre completely misses you.
You bite the ogre!
The ogre looks as sick as possible!
You hit the ogre but do no damage.
The ogre looks as sick as possible!
The ogre closely misses you.
You hit the ogre.
The ogre looks as sick as possible!
The ogre hits you with a +0 giant spiked club!!
You die...

.....# #...#...# .....#
#...###.# ##############
#...###.# .............#######
#...#...# ......#......'.....#
#...#.### .....##......#.....#
#...#.#.# .....##......#.....#
##..#.#.####
.....##......#.....#
##.#.#.....
.....##......#..s..#
#...#.####
.....############O## #...#.#
#######..+...#....#######..#.#
#..#...#...)#..........#
##+#...'†...#.#####..######
#)#####....#.##....>......
##########.##.##########
#.....#.....#........
#.#...#.#############


You could see an ogre (extremely poisoned).

Levels and vault maps discovered:
D:1:      scummos_arrival_simple_fountains, layout_basic, minmay_3d_cube
D:2:      minmay_chambers_of_twos, layout_basic, vehumet_crystals
D:3:      layout_basic, nzn_hepliaklqana_mist_gate,
          gammafunk_temple_overflow_forgotten, trog_eyes_of_draining
D:4:      minmay_octagon_keep, layout_rooms, serial_shops,
          kennysheep_little_box, minmay_ruptured
D:5:      layout_loops_ring, gammafunk_ghost_smash, uniq_menkaure
D:6:      minmay_clustersquares, layout_basic, minmay_temple_entry_purple_smoke,
          basic_altar, elyvilon_altar_4
Temple:   kb_corrupted_temple

Notes
Turn   | Place    | Note
-------+----------+-------------------------------------------
     0 | D:1      | puppykicker the Ogre Transmuter began the quest for the
                  | Orb.
     0 | D:1      | Reached XP level 1. HP: 19/19 MP: 3/3
    26 | D:1      | Identified a +0 dagger
    26 | D:1      | Identified a +0 club
    29 | D:1      | Identified a +0 club
   152 | D:1      | Identified a +0 club
   157 | D:1      | Reached XP level 2. HP: 27/27 MP: 3/5
   165 | D:1      | Learned a level 2 spell: Wereblood
   165 | D:1      | Identified a +0 club
   327 | D:1      | Identified a +0 club
   328 | D:1      | Identified a +0 whip
   328 | D:1      | Identified a +0 dagger
   328 | D:1      | Identified a +0 club
   329 | D:1      | Identified a +0 dagger
   345 | D:1      | HP: 6/28 [kobold/+0 dagger (3)]
   347 | D:1      | HP: 2/28 [kobold/+0 dagger (3)]
   348 | D:1      | Identified a potion of curing
   350 | D:1      | Reached skill level 3 in Unarmed Combat
   350 | D:1      | Reached skill level 2 in Transmutations
   354 | D:1      | Reached skill level 2 in Dodging
   748 | D:1      | Reached skill level 2 in Fighting
   748 | D:1      | Reached XP level 3. HP: 35/35 MP: 5/7
   754 | D:1      | Identified a +0 whip of freezing (You found it on level 1
                  | of the Dungeon)
   948 | D:1      | Learned a level 3 spell: Spider Form
  1013 | D:1      | Identified a +0 club
  1216 | D:1      | Identified 3 scrolls of teleportation
  1296 | D:1      | Identified a +0 dagger
  1626 | D:1      | Identified 2 scrolls of random uselessness
  1688 | D:2      | Identified a +0 club
  1806 | D:2      | Reached skill level 3 in Spellcasting
  1828 | D:2      | Reached XP level 4. HP: 13/42 MP: 8/8
  1831 | D:2      | HP: 10/42 [frilled lizard (3)]
  2099 | D:2      | Identified a +0 dagger
  2156 | D:2      | Identified a +0 club
  2156 | D:2      | Identified a +0 club
  2224 | D:2      | Identified a +0 club
  2335 | D:2      | Identified a +0 whip
  2341 | D:2      | Reached skill level 1 in Poison Magic
  2355 | D:2      | Identified a +0 whip
  2377 | D:2      | HP: 6/42 [kobold/+0 whip (5)]
  2382 | D:2      | HP: 4/42 [poisoned by an adder]
  2388 | D:2      | HP: 3/42 [poisoned by an adder]
  2396 | D:2      | HP: 2/42 [poisoned by an adder]
  2688 | D:2      | Identified 2 scrolls of identify
  2688 | D:2      | Identified a potion of flight
  2689 | D:2      | Identified a scroll of remove curse
  2725 | D:2      | Identified a +0 club
  2759 | D:2      | Found a radiant altar of Vehumet.
  2820 | D:2      | Reached XP level 5. HP: 40/49 MP: 9/9
  2863 | D:2      | Identified a +0 club
  3066 | D:3      | Identified a cursed -2 hand axe
  3066 | D:3      | Identified a +0 falchion
  3066 | D:3      | Identified a +0 vampiric whip
  3066 | D:3      | Identified a +0 ring mail
  3067 | D:3      | Identified a +0 club
  3068 | D:3      | Identified a +0 club
  3068 | D:3      | Identified a +0 leather armour
  3087 | D:3      | Reached skill level 4 in Unarmed Combat
  3199 | D:3      | Found a basalt altar of Yredelemnul.
  3199 | D:3      | Found an opulent altar of Gozag.
  3199 | D:3      | Found a burning altar of Makhleb.
  3258 | D:3      | Identified a cursed +0 short sword
  3336 | D:3      | Identified a +0 club
  3339 | D:3      | Identified a +0 dagger
  3339 | D:3      | Identified a +0 ring mail
  3341 | D:3      | Identified a +0 short sword
  3342 | D:3      | Identified a +0 mace
  3342 | D:3      | Identified a +0 leather armour
  3360 | D:3      | HP: 9/49 [orc/+0 mace (5)]
  3366 | D:3      | Reached skill level 3 in Transmutations
  3426 | D:3      | HP: 12/49 [orc priest/+0 short sword (2)]
  3428 | D:3      | Reached skill level 2 in Poison Magic
  3428 | D:3      | Reached XP level 6. HP: 15/57 MP: 6/10
  3718 | D:3      | Found a hazy altar of Hepliaklqana.
  3903 | D:3      | Identified a +0 club
  3904 | D:3      | Found a bloodstained altar of Trog.
  3904 | D:3      | Identified a +1 antimagic dagger
  3904 | D:3      | Identified a +2 antimagic dagger
  3906 | D:3      | Noticed an eye of draining
  3929 | D:3      | Killed an eye of draining
  4180 | D:3      | Identified a +1 dagger of speed
  4180 | D:3      | Identified a +0 hunting sling
  4186 | D:3      | Identified 2 scrolls of amnesia
  4187 | D:3      | Identified 2 scrolls of enchant weapon
  4376 | D:4      | Identified a +0 trident
  4376 | D:4      | Identified a +0 leather armour
  4376 | D:4      | Identified a +0 flail
  4376 | D:4      | Identified a +0 dagger
  4377 | D:4      | Identified a +0 flail
  4401 | D:4      | Identified a +0 whip
  4401 | D:4      | Identified a +0 ring mail
  4404 | D:4      | Reached skill level 5 in Unarmed Combat
  4604 | D:4      | Identified the Papyrus of the Mountains
  4626 | D:4      | Identified a potion of heal wounds
  4797 | D:4      | Found Ukirul's General Store.
  4803 | D:4      | Reached XP level 7. HP: 57/65 MP: 7/11
  4805 | D:4      | Bought a scroll of identify for 24 gold pieces
  4805 | D:4      | Bought a potion of attraction for 36 gold pieces
  4805 | D:4      | Bought a scroll of silence for 90 gold pieces
  4805 | D:4      | Identified a potion of brilliance
  5014 | D:4      | Identified a +0 dagger
  5014 | D:4      | Identified a +0 robe
  5014 | D:4      | Identified a +0 hand axe
  5015 | D:4      | Identified a ring of wizardry (You found it on level 4 of
                  | the Dungeon)
  5016 | D:4      | Identified a +0 hand axe
  5016 | D:4      | Identified a +0 chain mail
  5029 | D:4      | HP: 14/65 [orc/+0 hand axe (3)]
  5033 | D:4      | Reached skill level 4 in Transmutations
  5404 | D:4      | Identified a +0 flail
  5404 | D:4      | Identified a +0 leather armour
  5404 | D:4      | Identified a +0 war axe
  5434 | D:4      | Reached skill level 6 in Unarmed Combat
  5461 | D:4      | Identified a +0 spear
  5495 | D:4      | Learned a level 5 spell: Blade Hands
  5571 | D:5      | Entered Level 5 of the Dungeon
  5573 | D:5      | Identified a +0 whip
  5575 | D:5      | Identified a +0 spear
  5579 | D:5      | Identified a +0 spear
  5764 | D:5      | Found a transporter.
  5765 | D:5      | Noticed Stevanos's ghost (amateur DEAE)
  5766 | D:5      | Identified the +4 great mace of Fedhas's Delight {spect,
                  | rC+ Int+4}
  5766 | D:5      | Identified the +4 great mace of Fedhas's Delight {spect,
                  | rC+ Int+4}
  5768 | D:5      | Identified a cursed -1 giant club
  5770 | D:5      | Found a transporter.
  5848 | D:5      | Identified a +0 flail
  5848 | D:5      | Identified a +0 club
  5848 | D:5      | Identified a cursed +0 leather armour
  5848 | D:5      | Identified a cursed +0 morningstar
  5848 | D:5      | Identified a cursed +0 leather armour
  5852 | D:5      | Identified a cursed -2 short sword
  5852 | D:5      | Identified a +0 chain mail
  5867 | D:5      | Reached XP level 8. HP: 28/74 MP: 10/12
  6114 | D:5      | Noticed Menkaure
  6123 | D:5      | HP: 12/74 [??? (9)]
  6124 | D:5      | Killed Menkaure
  6125 | D:5      | Reached skill level 1 in Armour
  6421 | D:5      | Identified a +0 flail
  6423 | D:5      | Identified a +0 club
  6423 | D:5      | Identified a +0 hand axe
  6544 | D:5      | Identified a +0 club
  6544 | D:5      | Identified a +0 robe
  6544 | D:5      | Identified a +0 quarterstaff
  6544 | D:5      | Identified a +0 leather armour
  6545 | D:5      | Identified a +0 club
  6545 | D:5      | Identified a +0 leather armour
  6548 | D:5      | Identified a cursed -2 falchion
  6548 | D:5      | Identified a +0 leather armour
  6552 | D:5      | Reached skill level 3 in Fighting
  6666 | D:5      | Identified 2 scrolls of enchant armour
  6667 | D:5      | Identified 2 scrolls of blinking
  6823 | D:5      | Identified a +0 giant spiked club
  7271 | D:5      | Killed Stevanos's ghost
  7272 | D:5      | Reached skill level 4 in Spellcasting
  7275 | D:5      | Reached skill level 3 in Dodging
  7275 | D:5      | Reached skill level 7 in Unarmed Combat
  7609 | D:6      | Found a white marble altar of Elyvilon.
  7622 | D:6      | Found a staircase to the Ecumenical Temple.
  7625 | D:6      | Reached skill level 2 in Armour
  7633 | Temple   | Entered the Ecumenical Temple
  7697 | Temple   | Became a worshipper of Cheibriados the Contemplative
  7810 | D:6      | Identified a +0 dagger
  7810 | D:6      | Identified a +0 robe
  7810 | D:6      | Identified a +0 chain mail
  7810 | D:6      | Identified a +0 war axe
  7812 | D:6      | Identified a +0 trident
  7812 | D:6      | Identified a +0 leather armour
  7822 | D:6      | Reached skill level 4 in Fighting
  7822 | D:6      | Reached skill level 5 in Transmutations
  7822 | D:6      | Reached XP level 9. HP: 59/84 MP: 12/15
  7879 | D:6      | Found a blossoming altar of Fedhas.
  7970 | D:6      | Identified a +0 giant spiked club
  7972 | D:6      | Identified a +0 falchion
  8008 | D:6      | HP: 20/84 [ogre/+0 giant spiked club (9)]
  8016 | D:6      | Slain by an ogre

Table legend: (Time is in decaauts)
 A = Elapsed time spent in this place.
 B = Non-inter-level travel time spent in this place.
 C = Inter-level travel time spent in this place.
 D = Time resting spent in this place.
 E = Time spent auto-exploring this place.
 F = Levels seen in this place.
 G = Mean time per level.
                   A        B        C        D        E       F      G
               +--------+--------+--------+--------+--------+-----+--------+
         Total |   8083 |   7774 |    309 |   3206 |   3283 |   7 | 1154.7 |
       Dungeon |   7991 |   7709 |    282 |   3206 |   3230 |   6 | 1331.8 |
        Temple |     91 |     64 |     27 |      0 |     53 |   1 |   91.0 |
               +--------+--------+--------+--------+--------+-----+--------+

Top non-repeatable levels by time:
     D:5: 1784 daAuts
     D:1: 1683 daAuts
     D:2: 1391 daAuts
     D:3: 1283 daAuts
     D:4: 1228 daAuts
     D:6: 621 daAuts
  Temple: 91 daAuts

Table legend:
 A = Kills in this place as a percentage of kills in entire the game.
 B = Kills by you in this place as a percentage of kills by you in the entire game.
 C = Kills by friends in this place as a percentage of kills by friends in the entire game.
 D = Other kills in this place as a percentage of other kills in the entire game.
 E = Experience gained in this place as a percentage of experience gained in the entire game.
 F = Experience gained in this place divided by the number of levels of this place that you have seen.
                   A       B       C       D       E      F
               +-------+-------+-------+-------+-------+----------------------
         Total | 100.0 | 100.0 |   N/A |   N/A | 100.0 | 385.7
       Dungeon | 100.0 | 100.0 |   N/A |   N/A | 100.0 | 450.0
               +-------+-------+-------+-------+-------+----------------------

Skill      XL: |  1  2  3  4  5  6  7  8 |
---------------+-------------------------+-----
Unarmed Combat | 3 4 5 6 7 |  7.4
Transmutations | 2 3 4 5 |  5.1
Dodging        | 2 3 |  3.3
Fighting       | 2 4 |  4.0
Spellcasting   | 3 4 |  4.4
Poison Magic   | 1 2 |  2.0
Armour         | 2 |  2.3
Throwing       | |  0.8

Action                   |  1- 3 |  4- 6 |  7- 9 || total
-------------------------+-------+-------+-------++-------
Melee: Unarmed           |    61 |    38 |   197 ||   296
       Kick              |     9 |    21 |       ||    30
       Headbutt          |     4 |    12 |       ||    16
       Whip              |    66 |   192 |    86 ||   344
       Punch             |       |     2 |     2 ||     4
 Cast: Beastly Appendage |    13 |    20 |       ||    33
       Wereblood         |     2 |       |     5 ||     7
       Spider Form       |       |     6 |    25 ||    31
  Use: Potion            |     1 |       |       ||     1
       Scroll            |     3 |     5 |     5 ||    13
Armor: Robe              |    35 |    42 |    23 ||   100
       Skin              |       |       |     4 ||     4
Dodge: Dodged            |    70 |   116 |   218 ||   404

Vanquished Creatures
  The ghost of Stevanos the Magician, an amateur DEAE of Sif Muna (D:5)
  Menkaure (D:5)
  A sky beast (D:6)
  An eye of draining (D:3)
  3 ogres (D:5)
  3 bullfrogs (D:6)
  A howler monkey (D:4)
  A bullfrog zombie (D:5)
  3 bullfrog skeletons
  A hound (D:4)
  A jelly (D:6)
  An iguana (D:5)
  3 orc wizards
  11 orc priests
  5 worker ants
  2 hound zombies
  A worker ant zombie (D:5)
  4 gnolls
  7 adders
  3 shadow imps (D:5)
  2 white imps (D:5)
  An ufetubus (D:5)
  2 adder skeletons
  A worm (D:3)
  A dart slug (D:1)
  7 leopard geckos
  24 orcs
  3 ball pythons
  6 bats
  9 giant cockroaches
  16 goblins
  13 hobgoblins
  5 jackals
  11 kobolds
  3 quokkas
  6 frilled lizards
  A giant cockroach zombie (D:5)
  6 rats
171 creatures vanquished.
